 Dungeon Crawl Stone Soup version 0.31-a0-702-gf82c85558f (webtiles) character file.

Game seed: 592220098086304354

57 qw the Shooter (level 4, -4/28 HPs)
             Began as a Gargoyle Hunter on Sept 7, 2023.
             Slain by Blork the orc
             ... wielding a +2 long sword of electrocution
              (6 damage)
             ... on level 4 of the Dungeon.
             The game lasted 00:00:25 (1041 turns).

qw the Shooter (Gargoyle Hunter)                    Turns: 1041, Time: 00:00:25

Health: -4/28      AC:  6    Str: 14    XL:     4   Next: 0%
Magic:  4/4        EV: 11    Int: 10    God:
Gold:   123        SH:  0    Dex: 15    Spells: 3/3 levels left

rFire   . . .        Y - +0 shortbow
rCold   . . .        (shield currently unavailable)
rNeg    + . .        c - +0 leather armour
rPois   inf          (no helmet)
rElec   +            (no cloak)
rCorr   .            (no gloves)
SInv    .            (no boots)
Will    .....        (no amulet)
Stlth   ++           (no ring)
HPRegen 0.24/turn    (no ring)
MPRegen 0.09/turn

%: no passive effects
@: no status effects
A: sickness immunity, AC +3, negative energy resistance 1, electricity
resistance, torment resistance 1, petrification resistance
a: no special abilities


You were on level 4 of the Dungeon.
You visited 1 branch of the dungeon, and saw 3 of its levels.

You collected 123 gold pieces.


Innate Abilities, Weirdness & Mutations

You are immune to sickness and miasma.
Your stone body is resilient. (AC +3)
You are immune to poison.
You resist negative energy. (rN+)
You are resistant to electric shocks. (rElec)
You are resistant to unholy torment.
You are immune to petrification.


   Skills:
 - Level 3.0 Fighting
 + Level 5.1 Ranged Weapons
 - Level 1.5 Dodging
 - Level 1.1 Stealth


You had 3 spell levels left.
You didn't know any spells.
Your spell library was empty.

Inventory:

Hand Weapons
 Y - a +0 shortbow (weapon)
Armour
 c - a +0 leather armour (worn)
Scrolls
 a - a scroll of blinking {unknown}
 b - a scroll of amnesia {unknown}
Potions
 d - a potion of degeneration {unknown}
 e - a potion of attraction {unknown}
 f - a potion of enlightenment {unknown}
 i - a potion of curing {unknown}

Dungeon Overview and Level Annotations

Branches:
Dungeon (2/15)

Altars:

Annotations:
D:4 Blork the orc


Message History

Blork the orc is heavily wounded.
Blork the orc hits you with a +2 long sword of electrocution.
The ufetubus barely misses you. x2
Blork the orc points at you and mumbles some strange words.
The puff of flame hits you.
You shoot an arrow. The arrow closely misses Blork the orc.
The ufetubus barely misses you. The ufetubus misses you.
Blork the orc screams, "Die!"
Blork the orc hits you with a +2 long sword of electrocution.
The ufetubus closely misses you. The ufetubus hits you.
Blork the orc barely misses you.
You shoot an arrow. The arrow hits Blork the orc.
Blork the orc is severely wounded.
The ufetubus hits you but does no damage.
The ufetubus barely misses you.
Blork the orc hits you but does no damage.
The ufetubus closely misses you. x2
Blork the orc hits you with a +2 long sword of electrocution.
You shoot an arrow. The arrow hits Blork the orc.
Blork the orc is severely wounded.
The ufetubus barely misses you.
The ufetubus hits you but does no damage.
Blork the orc casts a spell at you. The puff of flame hits you.
The ufetubus misses you.
The ufetubus hits you but does no damage.
Blork the orc hits you with a +2 long sword of electrocution!
You shoot an arrow.
The arrow hits Blork the orc but does no damage.
Blork the orc is severely wounded.
The ufetubus hits you.
The ufetubus hits you but does no damage.
Blork the orc barely misses you. The ufetubus closely misses you.
The ufetubus hits you.
You shoot an arrow.
The arrow hits Blork the orc but does no damage.
Blork the orc is severely wounded.
Blork the orc looks satisfied for a moment.
The ufetubus closely misses you. The ufetubus hits you.
Blork the orc hits you with a +2 long sword of electrocution.
You die...

##............#
##.............#
##.....%........#
#...............#
##...............#
#....>...........##
.#
#.................#.#
#...................#
#.........>...#@o...#
#..)..........##5..##
##...........##
#......
##).........## .)....
##).........## .....
..).######### .....
..### .... .## ....
##


You could see Blork the orc (fast) and an ufetubus.

Vanquished Creatures
  2 adders (D:2)
  A dart slug (D:1)
  6 orcs (D:4)
  2 endoplasms (D:1)
  2 giant cockroaches
  4 goblins
  3 hobgoblins
  A quokka (D:1)
  3 ball pythons
  2 bats
  2 frilled lizards (D:1)
  A kobold (D:2)
29 creatures vanquished.

Notes
Turn   | Place    | Note
-------+----------+-------------------------------------------
     0 | D:1      | qw the Gargoyle Hunter began the quest for the Orb.
     0 | D:1      | Reached XP level 1. HP: 12/12 MP: 1/1
     0 | D:1      | 0 ||| qw: Version: 0.3-a-76-g4403597
     0 | D:1      | 0 ||| qw: Game counter: 833
     0 | D:1      | 0 ||| qw: Melee chars always use a shield: true
     0 | D:1      | 0 ||| qw: God list: Okawaru
     0 | D:1      | 0 ||| qw: Allow faded altars: false
     0 | D:1      | 0 ||| qw: Do Orc after clearing Dungeon:15 true
     0 | D:1      | 0 ||| qw: Do second Lair branch before Depths: true
     0 | D:1      | 0 ||| qw: Lair rune preference: random
     0 | D:1      | 0 ||| qw: Goals: Normal
     0 | D:1      | 0 ||| PLANNING D:1-11
    97 | D:1      | Reached XP level 2. HP: 17/17 MP: 2/2
   250 | D:1      | Found a faded altar of an unknown god.
   588 | D:1      | 588 ||| READING scroll labelled LENLE ZUOKAU.
   589 | D:1      | 589 ||| READING scroll labelled JUISCH LE UXZE.
   593 | D:1      | 593 ||| READING scroll labelled XUPAKE QYWU.
   594 | D:1      | 594 ||| DROPPING scroll of butterflies.
   644 | D:2      | Reached skill level 5 in Ranged Weapons
   644 | D:2      | Reached XP level 3. HP: 21/21 MP: 3/3
   837 | D:2      | You fall into a shaft and drop 2 floors!
   931 | D:4      | Reached skill level 3 in Fighting
  1021 | D:4      | Reached XP level 4. HP: 28/28 MP: 4/4
  1030 | D:4      | Noticed Blork the orc
  1039 | D:4      | HP: 7/28 [Blork the orc/+2 long sword of electrocution (7)]
  1041 | D:4      | HP: 2/28 [ufetubus (3)]
  1041 | D:4      | Slain by Blork the orc

Levels and vault maps discovered:
D:1:      nicolae_arrival_memento_mori, layout_basic,
          hellmonk_ecumenical_altar_crossroads
D:2:      layout_loops_ring, uniq_jessica
D:4:      layout_cave_pods, kennysheep_small_spiral, minmay_misc_feat_cross,
          uniq_blork_the_orc

Skill      XL: |  1  2  3 |
---------------+----------+-----
Ranged Weapons | 5 |  5.1
Fighting       | 3 |  3.0
Dodging        | |  1.5
Stealth        | |  1.1

Action                     |  1- 3 |  4- 6 || total
---------------------------+-------+-------++-------
   Fire: Shortbow          |    88 |    11 ||    99
    Use: Scroll            |     3 |       ||     3
 Armour: Leather armour    |    14 |    16 ||    30
  Dodge: Dodged            |    14 |    15 ||    29

Table legend:
 A = Non-vault XP
 B = Vault XP
 C = Vault XP percentage of total XP
 D = Non-vault monster count
 E = Vault monster count
 F = Vault count percentage of total count
                 A         B        C        D         E       F
            +---------+---------+-------+---------+---------+-------
      Total |      82 |       0 |   0.0 |      29 |       0 |   0.0
            +---------+---------+-------+---------+---------+-------
        D:1 |      26 |       0 |   0.0 |      14 |       0 |   0.0
        D:2 |      35 |       0 |   0.0 |       7 |       0 |   0.0
        D:4 |      21 |       0 |   0.0 |       8 |       0 |   0.0
            +---------+---------+-------+---------+---------+-------
